 Dungeon Crawl Stone Soup version 0.26.1-11-gd32895ea62 (webtiles) character file.

Game seed: 11242454764595923343

37857 phalm the Thaumaturge (level 13, 0/100 HPs)
             Began as a Mummy Conjurer on June 21, 2021.
             Was an Initiate of Gozag.
             Slain by a two-headed ogre
             ... wielding a +0 giant club
              (20 damage)
             ... on level 2 of the Orcish Mines on June 22, 2021.
             The game lasted 01:09:26 (31318 turns).

phalm the Thaumaturge (Mummy Conjurer)             Turns: 31318, Time: 01:09:27

Health: 0/100      AC:  5    Str: 16    XL:     13   Next: 60%
Magic:  20/28      EV: 12    Int: 22    God:    Gozag
Gold:   4248       SH:  5    Dex: 15    Spells: 8/34 levels left

rFire    . . .     SeeInvis .   p - +1 trident (venom)
rCold    . . .     Faith    .   t - +0 buckler {rPois}
rNeg     + + +     Spirit   .   I - +1 robe "Wenere" {Dex+4}
rPois    ∞         Reflect  .   y - +0 helmet
rElec    .         Harm     .   (no cloak)
rCorr    .         Rampage  .   w - +0 pair of gloves
Will     +....                  (no boots)
Stlth    ++........             A - amulet of the acrobat
HPRegen  0.26/turn              S - +6 ring of strength
MPRegen  0.21/turn              F - ring of fire

@: no status effects
A: no potions, fire vulnerability, cold resistance 1, negative energy resistance
3, torment resistance, unbreathing, in touch with death 1
a: Renounce Religion, Potion Petition, Call Merchant, Bribe Branch


You were on level 2 of the Orcish Mines.
You worshipped Gozag.
Gozag was most pleased with you.
You visited 4 branches of the dungeon, and saw 20 of its levels.
You also visited: Ossuary.

You collected 4285 gold pieces.
You paid 37 gold pieces to Gozag.


Innate Abilities, Weirdness & Mutations

You do not drink.
Your flesh is vulnerable to fire.
You are immune to poison.
Your flesh is cold resistant. (rC+)
You are immune to negative energy. (rN+++)
You are immune to unholy pain and torment.
You can survive without breathing.
You are in touch with the powers of death.


   Skills:
 + Level 8.9 Fighting
 + Level 1.7 Armour
 - Level 1.5 Dodging
 - Level 1.5 Stealth
 - Level 4.0 Shields
 + Level 11.0 Spellcasting
 + Level 7.4 Conjurations
 + Level 7.5 Hexes
 + Level 3.8 Summonings
 + Level 7.4 Translocations
 + Level 3.9 Transmutations
 - Level 4.0 Fire Magic
 - Level 4.0 Air Magic
 + Level 7.4 Poison Magic


You had 8 spell levels left.
You knew the following spells:

 Your Spells              Type           Power        Failure   Level
c - Call Imp              Summ           29%          1%          2
d - Mephitic Cloud        Conj/Pois/Air  39%          1%          3
e - Conjure Flame         Conj/Fire      54%          1%          3
f - Fulminant Prism       Conj/Hex       22%          2%          4
m - Magic Dart            Conj           100%         1%          1
o - Olgreb's Toxic Radia  Pois           44%          2%          4
s - Searing Ray           Conj           88%          1%          2
X - Iskenderun's Mystic   Conj/Tloc      44%          2%          4
Y - Ignite Poison         Fire/Tmut/Pois 51%          1%          3

Your spell library contained the following spells:

 Spells                   Type           Power        Failure   Level
 Corona                   Hex            50%          1%          1
 Sting                    Tmut/Pois      100%         1%          1
 Blink                    Tloc           N/A          1%          2
 Ensorcelled Hibernation  Hex/Ice        56%          1%          2
 Poisonous Vapours        Pois/Air       74%          1%          2
 Slow                     Hex            45%          1%          2
 Confusing Touch          Hex            45%          1%          3
 Dazzling Flash           Conj/Hex       90%          1%          3
 Gell's Gravitas          Tloc           22%          1%          3
 Tukima's Dance           Hex            45%          1%          3
 Animate Skeleton         Necr           36%          5%          1
 Pain                     Necr           72%          5%          1
 Iskenderun's Battlesphe  Conj           44%          7%          5
 Summon Lightning Spire   Summ/Air       29%          11%         4
 Silence                  Hex/Air        18%          14%         5
 Yara's Violent Unravell  Hex/Tmut       18%          14%         5
 Vampiric Draining        Necr           9%           16%         3
 Petrify                  Tmut/Erth      20%          24%         4
 Bolt of Magma            Conj/Fire/Erth 21%          32%         5
 Metabolic Englaciation   Hex/Ice        14%          32%         5
 Animate Dead             Necr           9%           47%         4
 Conjure Ball Lightning   Conj/Air       18%          63%         6
 Agony                    Necr           18%          83%         5
 Iron Shot                Conj/Erth      14%          88%         6
 Orb of Destruction       Conj           22%          91%         7
 Spellforged Servitor     Conj/Summ      18%          99%         7
 Tornado                  Air            14%          100%        9

Inventory:

Hand Weapons
 p - a +1 trident of venom (weapon)
   (You took it off an orc on level 4 of the Dungeon)
Missiles
 c - 60 poisoned darts (quivered)
 i - 159 bolts
 u - 20 boomerangs
 x - 82 sling bullets
 G - 2 throwing nets {=f!f}
 K - 4 atropa-tipped darts
 L - 2 curare-tipped darts {=f}
 N - 3 datura-tipped darts
Armour
 a - the +1 ring mail "Xeacraorch" {-Tele Will+ Str+5 Dex+4}
   (You found it on level 4 of the Lair of Beasts)

   It affects your strength (+5).
   It affects your dexterity (+4).
   It affects your willpower, your defense against some magical effects.
   It prevents most forms of teleportation.
 k - a +0 kite shield
   (You found it on level 2 of the Dungeon)
 o - the +5 ring mail of Elitism {+Inv rElec Str+4 Int-5}
   (You found it on level 10 of the Dungeon)

   It affects your strength (+4).
   It affects your intelligence (-5).
   It insulates you from electricity.
   It lets you turn invisible.
 t - a +0 buckler of poison resistance (worn)
   (You found it on level 1 of the Lair of Beasts)
 w - a +0 pair of gloves (worn)
   (You found it on level 5 of the Dungeon)
 y - a +0 helmet (worn)
   (You found it on level 7 of the Dungeon)
 I - the +1 robe "Wenere" (worn) {Dex+4}
   (You found it on level 4 of the Lair of Beasts)

   It affects your dexterity (+4).
Magical Staves
 e - an uncursed staff of death
   (You found it on level 9 of the Dungeon)
 J - an uncursed staff of air
   (You found it on level 5 of the Lair of Beasts)
 M - an uncursed staff of cold
   (You found it on level 6 of the Lair of Beasts)
Jewellery
 A - an amulet of the acrobat (around neck)
   (You found it on level 2 of the Dungeon)
 C - an uncursed ring of ice
   (You found it on level 2 of the Dungeon)
 F - a ring of fire (right hand)
   (You found it on level 5 of the Dungeon)
 S - a +6 ring of strength (left hand)
   (You found it on level 4 of the Dungeon)
Wands
 f - a wand of iceblast (9)
   (You found it on level 9 of the Dungeon)
 n - a wand of polymorph (16)
   (You found it on level 4 of the Dungeon)
 s - a wand of acid (4)
   (You found it on level 1 of the Lair of Beasts)
 z - a wand of disintegration (22)
   (You found it on level 7 of the Dungeon)
 B - a wand of random effects (36)
   (You found it on level 7 of the Dungeon)
 D - a wand of flame (20)
   (You found it on level 7 of the Dungeon)
 H - a wand of digging (5)
   (You found it on level 3 of the Lair of Beasts)
Scrolls
 b - 3 scrolls of enchant weapon
 d - 4 scrolls of enchant armour
 g - 5 scrolls of identify {@r1}
 h - 3 scrolls of fear
 j - 3 scrolls of blinking {!r}
 l - 6 scrolls of remove curse {@r2}
 m - 6 scrolls of teleportation {@r4}
 q - 4 scrolls of amnesia
 v - 5 scrolls of immolation {!r!r}
 E - 2 scrolls of fog
Miscellaneous
 r - a lightning rod (4/4)
   (You found it on level 1 of the Lair of Beasts)

Dungeon Overview and Level Annotations

Branches:
Dungeon (11/15)            Temple (1/1) D:4            Lair (6/6) D:8
 Shoals (0/4) Lair:4        Snake (0/4) Lair:2        Slime (0/5) Lair:6
    Orc (2/2) D:10        Ossuary (visited)
    Elf: Orc:2

Altars:
Ashenzari
Cheibriados
Dithmenos
Elyvilon
Fedhas
Gozag
Hepliaklqana
Kikubaaqudgha
Makhleb
Nemelex Xobeh
Okawaru
Qazlal
Ru
Sif Muna
Trog
Uskayaw
Vehumet
Wu Jian
Xom
Yredelemnul
Zin
The Shining One
Beogh

Annotations:
Lair:6 3 exclusions
Orc:1 2 transporters

##.......#
#........# ..
#......$### ...
##......O.#
....
#........##OO..
##....$...T....
##.......$....
#..........#
###.)@....##
#..O....#
##.....##
####..# ..# .##
#


You could see 3 two-headed ogres, an ogre mage and a troll.


Message History

An ogre comes into view.
It is wielding a +0 giant spiked club. 😎 MP[+2]
You regained 2 mp, and now have 2/28 mp.
You climb upwards.
Level annotation: 2 transporters
There is a stone staircase leading down here. 😎 MP[+1] Key pressed, stopping explore.
You climb downwards.
A two-headed ogre comes into view.
It is wielding a +0 giant club and a +0 giant spiked club.
The two-headed ogre moves out of view.
There is a stone staircase leading up here. 😎 MP[+16]
You regained 16 mp, and now have 19/28 mp.
Casting: Ignite Poison (safe; 1% risk of failure)
Confirm with . or Enter, or press ? or * to list all spells.
You begin to radiate toxic energy.
The ogre shouts!
The ogre is poisoned.
The ogre looks even sicker.
You hear two shouts!
You hear a shout!
You hear two shouts!
An ogre mage comes into view. 😎 MP[-4]
You lost 4 mp, and now have 15/28 mp.
Casting: Olgreb's Toxic Radiance (mildly dangerous; 2% risk of failure)
Confirm with . or Enter, or press ? or * to list all spells.
Your toxic radiance grows in intensity.
The ogre mage is poisoned.
The two-headed ogre is poisoned.
The ogre looks even sicker. 😎 MP[-4]
You lost 4 mp, and now have 11/28 mp.
Unknown command.
Casting: Olgreb's Toxic Radiance (mildly dangerous; 2% risk of failure)
Confirm with . or Enter, or press ? or * to list all spells.
You feel a surge of power!
You ignite the poison in your surroundings!
The ogre seems to burn from within!!!
You kill the ogre!
The two-headed ogre seems to burn from within!
The ogre mage seems to burn from within!
The ogre mage is poisoned.
The two-headed ogre is poisoned.
The ogre mage points at you and mumbles some strange words.
You easily resist. 😎 MP[-3]
You lost 3 mp, and now have 8/28 mp.
Casting: Ignite Poison (safe; 1% risk of failure)
Confirm with . or Enter, or press ? or * to list all spells.
You feel a surge of power!
You ignite the poison in your surroundings!
The two-headed ogre seems to burn from within!
The ogre mage seems to burn from within!
The ogre mage is poisoned.
The two-headed ogre is poisoned.
The ogre mage casts a spell at you.
You feel yourself slow down.
A two-headed ogre comes into view.
It is wielding a +0 giant spiked club and a +0 giant club. 😎 MP[-2]
You lost 2 mp, and now have 6/28 mp.
The ogre mage looks even sicker.
The two-headed ogre looks even sicker.
The two-headed ogre is poisoned.
You climb upwards.
Level annotation: 2 transporters Your toxic aura wanes.
There is a stone staircase leading down here.
You feel yourself speed up.
Partly explored, unvisited transporter. 😎 MP[+22]
Your mp is fully restored (28).
You climb downwards.
A two-headed ogre comes into view.
It is wielding a +0 giant club and a +0 giant spiked club.
The two-headed ogre barely misses you.
The two-headed ogre hits you with a +0 giant spiked club!
The two-headed ogre hits you with a +0 giant spiked club.
The two-headed ogre hits you with a +0 giant club!!
The two-headed ogre shouts in stereo!
There is a stone staircase leading up here. 😮 HP[-38]
You take 38 damage, and now have 62/100 hp.
MASSIVE DAMAGE!! (PAUSE)
Casting: Ignite Poison (safe; 1% risk of failure)
Confirm with . or Enter, or press ? or * to list all spells.
You erupt in a blast of force!
The mystic blast hits the two-headed ogre! x2
The two-headed ogre is knocked back by the mystic blast.
The two-headed ogre hits you with a +0 giant club!!
* * * LOW HITPOINT WARNING * * *
The two-headed ogre hits you with a +0 giant spiked club!
* * * LOW HITPOINT WARNING * * *
😱 HP[-42] MP[-4]
You take 42 damage, and now have 20/100 hp.
MASSIVE DAMAGE!! (PAUSE)
You lost 4 mp, and now have 24/28 mp.
Casting: Iskenderun's Mystic Blast (mildly dangerous; 2% risk of failure)
Confirm with . or Enter, or press ? or * to list all spells.
You erupt in a blast of force!
The mystic blast hits the ogre mage!
The ogre mage is knocked back by the mystic blast.
The mystic blast hits the two-headed ogre!
The two-headed ogre is knocked back by the mystic blast.
The mystic blast hits the two-headed ogre.
The two-headed ogre hits you but does no damage.
The two-headed ogre hits you with a +0 giant spiked club!!
You die...
Your body crumbles into a pile of gold.

Skill      XL: |  1  2  3  4  5  6  7  8  9 10 11 12 13 |
---------------+----------------------------------------+-----
Spellcasting   | 3 4 5 6 7 8 9 10 11 | 11.0
Fighting       | 1 2 3 4 5 6 8 |  8.9
Conjurations   | 4 5 6 7 |  7.4
Translocations | 1 2 3 4 5 6 7 |  7.4
Hexes          | 1 2 3 4 5 7 |  7.5
Summonings     | 2 3 |  3.8
Air Magic      | 1 2 4 |  4.0
Poison Magic   | 1 2 4 5 7 |  7.4
Fire Magic     | 2 3 4 |  4.0
Shields        | 3 4 |  4.0
Transmutations | 2 3 |  3.9
Armour         | 1 |  1.7
Dodging        | |  1.5
Stealth        | |  1.5

Action                   |  1- 3 |  4- 6 |  7- 9 | 10-12 | 13-15 || total
-------------------------+-------+-------+-------+-------+-------++-------
Melee: Club              |     8 |       |       |       |       ||     8
       Mace              |       |    19 |     3 |       |       ||    22
       Trident           |       |       |    88 |   163 |    15 ||   266
Throw: Dart              |       |    17 |     4 |    24 |    10 ||    55
 Cast: Magic Dart        |    97 |   108 |   161 |    85 |    17 ||   468
       Searing Ray       |     1 |    17 |    54 |    45 |    19 ||   136
       Call Imp          |       |       |    18 |    27 |       ||    45
       Mephitic Cloud    |       |       |     7 |     8 |     2 ||    17
       Iskenderun's Myst |       |       |     1 |    31 |    12 ||    44
       Olgreb's Toxic Ra |       |       |       |   111 |    66 ||   177
       Conjure Flame     |       |       |       |    20 |       ||    20
       Fulminant Prism   |       |       |       |     2 |     3 ||     5
       Ignite Poison     |       |       |       |    64 |    34 ||    98
Evoke: Wand              |       |       |     5 |     2 |     2 ||     9
  Use: Scroll            |       |     8 |     4 |     2 |       ||    14
 Stab: Sleeping          |       |     1 |       |       |     1 ||     2
       Confused          |       |       |     1 |     2 |       ||     3
       Distracted        |       |       |       |     2 |       ||     2
Armor: Robe              |       |     3 |    18 |    23 |    13 ||    57
Dodge: Dodged            |    12 |    30 |   130 |   207 |    48 ||   427
Block: Buckler           |       |       |       |    11 |    15 ||    26

Levels and vault maps discovered:
D:1:      dpeg_arrival_long_road, layout_basic
D:2:      layout_loops_corners
D:3:      layout_basic, wad_floor_pattern_untrapped
D:4:      layout_basic, minmay_temple_entry_nine_rooms, chequers_mini_garden
D:5:      layout_rooms, uniq_sigmund
D:6:      layout_basic, kennysheep_little_box, dk_rats_in_the_wall
D:7:      layout_loops_corners, nicolae_ossuary_entry_false_entrances,
          minivault_27
D:8:      layout_rooms, due_lair_maze_entry_diamond
D:9:      layout_grid_maze, worms_lemuel
D:10:     layout_big_octagon, orc_0_dummy, minmay_ruffians
D:11:     layout_basic, fedhas_altar_3
Temple:   kilobyte_greek_temple
Lair:1:   layout_chaotic_city, serial_bayou_shore_b
Lair:2:   layout_loops_ring, minmay_snake_entry_guardpost_small,
          fungi_pond_lemuel, grunt_megastairs_3
Lair:3:   layout_hall_layers, beast_lair_carwin_3, infiniplex_staircase_pool_2
Lair:4:   layout_roguey, elwin_shoals_entry_stream, grunt_forest_stairs_clearing
Lair:5:   layout_hall_layers
Lair:6:   hangedman_lair_caniforms_friends, layout_loops_ring,
          guppyfry_lair_end_dragon, nicolae_slime_entry_slimehenge, st_stairs_4,
          bobbens_ice_dragon_lair
Orc:1:    gammafunk_beogh_shrine, layout_caves, mines2_david
Orc:2:    st_orc_open, layout_diamond_mine, uniq_saint_roka, uniq_donald

Notes
Turn   | Place    | Note
-------+----------+-------------------------------------------
     0 | D:1      | phalm the Mummy Conjurer began the quest for the Orb.
     0 | D:1      | Reached XP level 1. HP: 13/13 MP: 4/4
     0 | D:1      | magus.rc [v1.9.10]
   347 | D:1      | Reached XP level 2. HP: 20/20 MP: 2/5
   439 | D:1      | Reached skill level 3 in Spellcasting
   444 | D:1      | Learned a level 2 spell: Searing Ray
   965 | D:2      | Reached skill level 1 in Fighting
  1501 | D:2      | Reached XP level 3. HP: 26/26 MP: 5/7
  2304 | D:3      | Reached skill level 4 in Conjurations
  2474 | D:3      | Reached XP level 4. HP: 32/32 MP: 1/9
  2493 | D:2      | Learned a level 4 spell: Iskenderun's Mystic Blast
  2935 | D:3      | HP: 4/33 [worm (6)]
  3505 | D:3      | Reached skill level 2 in Fighting
  3505 | D:3      | Reached skill level 1 in Translocations
  3514 | D:3      | Reached XP level 5. HP: 33/38 MP: 2/10
  3519 | D:3      | Learned a level 4 spell: Fulminant Prism
  3767 | D:4      | Reached skill level 4 in Spellcasting
  3989 | D:4      | Found a staircase to the Ecumenical Temple.
  3995 | Temple   | Entered the Ecumenical Temple
  4133 | Temple   | Became a worshipper of Gozag Ym Sagoz the Greedy
  4245 | D:4      | You pick up a book of Necromancy and begin reading...
  4245 | D:4      | You add the spells Pain, Animate Skeleton, Vampiric
                  | Draining, Animate Dead and Agony to your library.
  4751 | D:4      | Reached skill level 2 in Translocations
  4751 | D:4      | Reached XP level 6. HP: 46/46 MP: 4/12
  5076 | D:4      | Reached skill level 1 in Hexes
  5745 | D:5      | Entered Level 5 of the Dungeon
  6024 | D:5      | Noticed an ice beast
  6042 | D:5      | Noticed Sigmund
  6297 | D:5      | Reached skill level 3 in Fighting
  6297 | D:5      | Reached XP level 7. HP: 41/52 MP: 3/14
  6763 | D:6      | You pick up a book of Conjurations and begin reading...
  6787 | D:6      | Reached skill level 5 in Spellcasting
  6787 | D:6      | Reached skill level 3 in Translocations
  6813 | D:6      | You pick up a book of Maledictions and begin reading...
  6813 | D:6      | You add the spells Corona, Ensorcelled Hibernation,
                  | Confusing Touch and Tukima's Dance to your library.
  6849 | D:6      | Reached skill level 2 in Hexes
  7283 | D:6      | Found a white marble altar of Elyvilon.
  7318 | D:6      | You pick up a book of Misfortune and begin reading...
  7318 | D:6      | You add the spells Gell's Gravitas, Petrify, Metabolic
                  | Englaciation and Yara's Violent Unravelling to your
                  | library.
  7607 | D:7      | Found a sand-covered staircase.
  7612 | Ossuary  | Entered an ossuary
  8494 | Ossuary  | Reached XP level 8. HP: 60/60 MP: 7/16
  8500 | Ossuary  | Reached skill level 5 in Conjurations
  9141 | D:7      | Reached skill level 4 in Translocations
  9470 | D:7      | You pick up a book of Minor Magic and begin reading...
  9470 | D:7      | You add the spells Blink, Call Imp, Slow, Conjure Flame and
                  | Mephitic Cloud to your library.
  9474 | D:7      | Learned a level 2 spell: Call Imp
  9478 | D:7      | Learned a level 3 spell: Mephitic Cloud
  9695 | D:8      | You pick up a book of Power and begin reading...
  9695 | D:8      | You add the spells Iskenderun's Battlesphere, Bolt of
                  | Magma, Iron Shot, Orb of Destruction and Spellforged
                  | Servitor to your library.
  9737 | D:8      | Reached skill level 4 in Fighting
  9828 | D:8      | Reached skill level 1 in Summonings
 10158 | D:8      | Reached skill level 6 in Spellcasting
 10158 | D:8      | Reached skill level 3 in Hexes
 10161 | D:8      | Reached skill level 1 in Air Magic
 10161 | D:8      | Reached skill level 1 in Poison Magic
 10305 | D:8      | Noticed a two-headed ogre
 10398 | D:8      | Noticed a komodo dragon
 10433 | D:8      | Found a staircase to the Lair.
 10442 | D:8      | Reached skill level 2 in Summonings
 10468 | D:7      | Reached XP level 9. HP: 35/66 MP: 3/18
 10474 | D:7      | HP: 13/66 [ice beast (14)]
 10774 | D:7      | Learned a level 3 spell: Conjure Flame
 10904 | D:5      | Killed Sigmund
 11189 | D:8      | HP: 12/66 [water moccasin (9)]
 11543 | D:8      | Reached skill level 2 in Air Magic
 11543 | D:8      | Reached skill level 2 in Poison Magic
 11547 | D:8      | Reached skill level 3 in Summonings
 11556 | D:8      | Killed a two-headed ogre
 11557 | D:8      | Reached skill level 5 in Fighting
 11557 | D:8      | Reached skill level 1 in Fire Magic
 11772 | D:8      | Killed a komodo dragon
 11773 | D:8      | Reached skill level 7 in Spellcasting
 11773 | D:8      | Reached skill level 4 in Hexes
 12092 | D:8      | You pick up a book of Misfortune and begin reading...
 12378 | D:9      | Reached skill level 2 in Fire Magic
 12607 | D:9      | Reached skill level 5 in Translocations
 12788 | D:9      | Reached skill level 6 in Conjurations
 12788 | D:9      | Reached XP level 10. HP: 43/74 MP: 12/20
 13589 | D:9      | You pick up a book of Minor Magic and begin reading...
 14016 | D:9      | Reached skill level 3 in Poison Magic
 14017 | D:9      | Reached skill level 3 in Air Magic
 14156 | D:10     | Entered Level 10 of the Dungeon
 14331 | D:10     | You add the spells Sting, Poisonous Vapours, Ignite Poison
                  | and Olgreb's Toxic Radiance to your library.
 14337 | D:10     | Learned a level 4 spell: Olgreb's Toxic Radiance
 14877 | D:10     | Found a staircase to the Orcish Mines.
 14928 | D:10     | Reached skill level 3 in Fire Magic
 15171 | D:10     | Killed an unseen horror
 15818 | D:10     | magus.rc [v1.9.10]
 16001 | D:10     | Got a brightly glowing ring mail
 16012 | D:10     | Identified the +5 ring mail of Elitism {+Inv rElec Str+4
                  | Int-5} (You found it on level 10 of the Dungeon)
 16230 | D:10     | Reached skill level 4 in Air Magic
 16230 | D:10     | Reached skill level 4 in Poison Magic
 16569 | D:11     | Noticed a gargoyle
 16683 | Lair:1   | Entered Level 1 of the Lair of Beasts
 17113 | Lair:1   | Noticed a cane toad
 17240 | Lair:1   | Killed a cane toad
 17603 | Lair:1   | Reached skill level 6 in Fighting
 17608 | Lair:1   | Reached skill level 8 in Spellcasting
 17608 | Lair:1   | Reached XP level 11. HP: 33/81 MP: 1/23
 17843 | Lair:1   | Reached skill level 5 in Hexes
 18167 | Lair:1   | Got a fine morningstar
 18214 | Lair:1   | Reached skill level 4 in Fire Magic
 19252 | Lair:2   | Reached skill level 1 in Shields
 19812 | Lair:1   | Learned a level 3 spell: Ignite Poison
 20042 | Lair:2   | Reached skill level 2 in Shields
 20042 | Lair:2   | Reached skill level 5 in Poison Magic
 20405 | Lair:2   | Reached skill level 6 in Translocations
 20891 | Lair:2   | Found a staircase to the Snake Pit.
 21617 | Lair:3   | Reached skill level 3 in Shields
 21617 | Lair:3   | Reached skill level 7 in Conjurations
 21868 | Lair:3   | Reached skill level 9 in Spellcasting
 22365 | Lair:3   | Reached XP level 12. HP: 89/89 MP: 10/25
 22448 | Lair:3   | Reached skill level 7 in Fighting
 22521 | Lair:3   | Noticed a catoblepas
 22528 | Lair:3   | Killed a catoblepas
 22529 | Lair:3   | Reached skill level 6 in Poison Magic
 22615 | Lair:3   | Reached skill level 6 in Hexes
 23000 | Lair:3   | Reached skill level 4 in Shields
 24291 | Lair:4   | Got an opalescent robe
 24302 | Lair:4   | Identified the +1 robe "Wenere" {Dex+4} (You found it on
                  | level 4 of the Lair of Beasts)
 24838 | Lair:4   | Reached skill level 1 in Transmutations
 24838 | Lair:4   | Reached skill level 7 in Poison Magic
 25092 | Lair:4   | Reached skill level 10 in Spellcasting
 25142 | Lair:4   | Reached skill level 7 in Translocations
 25142 | Lair:4   | Reached skill level 2 in Transmutations
 25296 | Lair:4   | Got a steaming ring mail
 25310 | Lair:4   | Identified the +1 ring mail "Xeacraorch" {-Tele Will+ Str+5
                  | Dex+4} (You found it on level 4 of the Lair of Beasts)
 25398 | Lair:4   | Reached skill level 8 in Fighting
 26049 | Lair:4   | Found a staircase to the Shoals.
 26058 | Lair:4   | Reached skill level 7 in Hexes
 26291 | Lair:4   | Gained mutation: You are in touch with the powers of death.
                  | [Mummy growth]
 26291 | Lair:4   | Reached XP level 13. HP: 99/99 MP: 5/27
 26461 | Lair:4   | Reached skill level 3 in Transmutations
 27761 | Lair:5   | You pick up a book of the Sky and begin reading...
 27761 | Lair:5   | You add the spells Summon Lightning Spire, Silence, Conjure
                  | Ball Lightning and Tornado to your library.
 28193 | Lair:6   | Entered Level 6 of the Lair of Beasts
 28744 | Lair:6   | Found a staircase to the Slime Pits.
 29324 | Lair:6   | Reached skill level 1 in Armour
 30221 | Orc:1    | Entered Level 1 of the Orcish Mines
 30443 | Orc:1    | Found a roughly hewn altar of Beogh.
 30685 | Orc:1    | Found a transporter.
 30687 | Orc:1    | Found a transporter.
 30731 | Orc:1    | Noticed an ettin
 30732 | Orc:1    | Found a roughly hewn altar of Beogh.
 30872 | Orc:2    | Entered Level 2 of the Orcish Mines
 31124 | Orc:2    | Reached skill level 11 in Spellcasting
 31317 | Orc:2    | HP: 20/100 [two-headed ogre/+0 giant club (16)]
 31318 | Orc:2    | Slain by a two-headed ogre

Vanquished Creatures
  A hydra (Lair:5)
  A catoblepas (Lair:3)
  2 two-headed ogres
  An unseen horror (D:10)
  18 elephants
  2 merfolk sirens (Lair:4)
  A black mamba (Lair:2)
  9 cane toads
  3 rime drakes
  9 komodo dragons
  4 polar bears
  2 merfolk (Lair:4)
  A troll (Orc:2)
  3 raiju (Lair:6)
  12 blink frogs
  A spriggan (Lair:4)
  Sigmund (D:5)
  38 yaks
  A wyvern (D:10)
  5 humans
  A steam dragon (D:9)
  An acid dragon (Lair:6)
  3 nagas (Lair:2)
  3 swamp worms (D:9)
  A warg (Lair:6)
  14 water moccasins
  A hell hound (Lair:6)
  A swamp drake (Lair:6)
  9 black bears
  8 orc warriors
  A necrophage (D:8)
  2 ice beasts
  2 phantoms
  9 ogres
  2 centaurs (D:8)
  23 wolves
  2 big kobolds
  13 bullfrogs
  3 scorpions
  4 killer bees (D:10)
  8 wights (D:10)
  2 bullfrog zombies
  2 quasits
  A centaur zombie (Ossuary)
  A human zombie (Ossuary)
  4 jellies
  5 orc priests
  4 bullfrog skeletons
  6 orc wizards
  4 hounds
  4 iguanas
  3 centaur skeletons (D:8)
  5 worker ants
  A killer bee zombie (D:10)
  3 big kobold zombies (Ossuary)
  A hound zombie (D:9)
  A hound skeleton (D:4)
  2 mummies (Ossuary)
  3 gnolls (D:4)
  6 adders
  A shadow imp (D:7)
  2 white imps
  3 ufetubi
  3 oozes
  An adder skeleton (D:4)
  2 adder zombies (Ossuary)
  4 worms
  A dart slug (D:1)
  A leopard gecko (D:8)
  47 orcs
  A ball python (D:6)
  4 giant cockroaches
  10 goblins
  4 hobgoblins
  2 jackals (D:9)
  8 quokkas
  A ball python skeleton (D:4)
  7 bats
  4 frilled lizards
  2 goblin zombies (Ossuary)
  9 hobgoblin zombies (Ossuary)
  A jackal skeleton (D:4)
  18 kobolds
  12 kobold zombies (Ossuary)
  A leopard gecko skeleton (D:4)
  7 orc zombies (Ossuary)
  7 rats
447 creatures vanquished.

Vanquished Creatures (collateral kills)
  A cane toad (Lair:1)
  A komodo dragon (Lair:2)
  A yak (Lair:1)
  A steam dragon (Lair:2)
  2 wolves (Lair:3)
  An ogre (D:9)
  A bullfrog (Lair:2)
  A wight (D:10)
  2 orcs
  2 jackals (D:9)
13 creatures vanquished.

Vanquished Creatures (others)
  A bush (Lair:6)
  5 fulminant prisms
  71 fungi
  119 plants
196 creatures vanquished.

Grand Total: 656 creatures vanquished

Table legend:
 A = Non-vault XP
 B = Vault XP
 C = Vault XP percentage of total XP
 D = Non-vault monster count
 E = Vault monster count
 F = Vault count percentage of total count
                 A         B        C        D         E       F
            +---------+---------+-------+---------+---------+-------
      Total |   43590 |   10492 |  19.4 |     353 |     107 |  23.3
            +---------+---------+-------+---------+---------+-------
        D:1 |      28 |       0 |   0.0 |      17 |       0 |   0.0
        D:2 |      30 |       0 |   0.0 |      15 |       0 |   0.0
        D:3 |     169 |       0 |   0.0 |      27 |       0 |   0.0
        D:4 |     307 |       0 |   0.0 |      28 |       0 |   0.0
        D:5 |     413 |     208 |  33.5 |      10 |       1 |   9.1
        D:6 |     352 |       0 |   0.0 |      10 |       0 |   0.0
        D:7 |     364 |     263 |  41.9 |      15 |       3 |  16.7
        D:8 |    1993 |    1106 |  35.7 |      24 |       8 |  25.0
        D:9 |     957 |     682 |  41.6 |      26 |       4 |  13.3
       D:10 |    2196 |     705 |  24.3 |      34 |       4 |  10.5
       D:11 |       3 |       0 |   0.0 |       1 |       0 |   0.0
     Lair:1 |    3112 |       0 |   0.0 |      17 |       0 |   0.0
     Lair:2 |    4855 |     545 |  10.1 |      19 |       4 |  17.4
     Lair:3 |    8095 |     465 |   5.4 |      36 |       4 |  10.0
     Lair:4 |    9811 |    2586 |  20.9 |      29 |      10 |  25.6
     Lair:5 |    4000 |       0 |   0.0 |      15 |       0 |   0.0
     Lair:6 |    4342 |    3545 |  44.9 |      10 |      25 |  71.4
      Orc:1 |     832 |     142 |  14.6 |      11 |       5 |  31.2
      Orc:2 |    1731 |       0 |   0.0 |       9 |       0 |   0.0
    Ossuary |       0 |     245 | 100.0 |       0 |      39 | 100.0
            +---------+---------+-------+---------+---------+-------

Illustrated notes

Table legend:
 A = Kills in this place as a percentage of kills in entire the game.
 B = Kills by you in this place as a percentage of kills by you in the entire game.
 C = Kills by friends in this place as a percentage of kills by friends in the entire game.
 D = Other kills in this place as a percentage of other kills in the entire game.
 E = Experience gained in this place as a percentage of experience gained in the entire game.
 F = Experience gained in this place divided by the number of levels of this place that you have seen.
                   A       B       C       D       E      F
               +-------+-------+-------+-------+-------+----------------------
         Total | 100.0 | 100.0 | 100.0 |   N/A | 100.0 | 2575.3
       Dungeon |  49.3 |  49.4 |  46.2 |   N/A |  18.1 | 888.7
          Lair |  36.7 |  36.2 |  53.8 |   N/A |  76.5 | 6892.7
  Orcish Mines |   5.4 |   5.6 |   0.0 |   N/A |   5.0 | 1352.5
       Ossuary |   8.5 |   8.7 |   0.0 |   N/A |   0.5 | 245.0
               +-------+-------+-------+-------+-------+----------------------

Table legend: (Time is in decaauts)
 A = Elapsed time spent in this place.
 B = Non-inter-level travel time spent in this place.
 C = Inter-level travel time spent in this place.
 D = Time resting spent in this place.
 E = Time spent auto-exploring this place.
 F = Levels seen in this place.
 G = Mean time per level.
                   A        B        C        D        E       F      G
               +--------+--------+--------+--------+--------+-----+--------+
         Total |  31493 |  30036 |   1457 |     34 |  26131 |  21 | 1499.7 |
       Dungeon |  16329 |  15363 |    966 |      8 |  13408 |  11 | 1484.5 |
        Temple |    170 |    162 |      8 |      0 |    152 |   1 |  170.0 |
          Lair |  13214 |  12760 |    454 |     26 |  11108 |   6 | 2202.3 |
  Orcish Mines |    761 |    734 |     27 |      0 |    597 |   2 |  380.5 |
       Ossuary |   1017 |   1017 |      0 |      0 |    864 |   1 | 1017.0 |
               +--------+--------+--------+--------+--------+-----+--------+

Top non-repeatable levels by time:
  Lair:2: 2763 daAuts
  Lair:1: 2641 daAuts
     D:9: 2550 daAuts
  Lair:3: 2479 daAuts
     D:7: 2470 daAuts
  Lair:4: 2359 daAuts
    D:10: 2266 daAuts
     D:4: 1778 daAuts
  Lair:6: 1650 daAuts
     D:3: 1622 daAuts
     D:8: 1430 daAuts
  Lair:5: 1320 daAuts
     D:2: 1289 daAuts
 Ossuary: 1017 daAuts
     D:6: 1001 daAuts
